 Dungeon Crawl Stone Soup version 0.28-a0-535-g6f645e4c1d (webtiles) character file.

Game seed: 12342249071205709891

275 ytrimaz the Chopper (level 6, -3/56 HPs)
             Began as a Minotaur Berserker on Sept 27, 2021.
             Was a Believer of Trog.
             Slain by a wight (7 damage)
             ... on level 4 of the Dungeon.
             The game lasted 00:03:49 (3025 turns).

ytrimaz the Chopper (Minotaur Berserker)            Turns: 3025, Time: 00:03:50

Health: -3/56      AC:  7    Str: 24    XL:     6   Next: 3%
Magic:  5/5        EV: 10    Int:  4    God:    Trog [**....]
Gold:   171        SH:  0    Dex:  9    Spells: 5/5 levels left

rFire   . . .      SeeInvis .   e - +0 war axe
rCold   . . .      Faith    .   (no shield)
rNeg    . . .      Spirit   .   f - +0 scale mail
rPois   .          Reflect  .   (helmet restricted)
rElec   .          Harm     .   (no cloak)
rCorr   .          Rampage  .   (no gloves)
Will    .....                   (no boots)
Stlth   ..........              (no amulet)
HPRegen 0.18/turn               (no ring)
MPRegen 0.09/turn               (no ring)

@: about to teleport, on berserk cooldown, slowed, very slow
A: horns 2, retaliatory headbutt
a: Renounce Religion, Berserk, Trog's Hand


You were on level 4 of the Dungeon.
You worshipped Trog.
Trog was pleased with you.
You visited 1 branch of the dungeon, and saw 4 of its levels.

You collected 171 gold pieces.

Inventory:

Hand Weapons
 e - a +0 war axe (weapon)
Armour
 f - a +0 scale mail (worn)
Scrolls
 c - 2 scrolls of identify
 d - a scroll of torment
 i - a scroll of fear
 k - a scroll of noise
Potions
 a - a potion of magic {unknown}
 g - a potion of berserk rage {unknown}
 j - a potion of ambrosia {unknown}
 l - a potion of curing {unknown}
 m - a potion of attraction {unknown}
 n - 2 potions of brilliance {unknown}
 o - a potion of mutation {unknown}


   Skills:
 + Level 5.0 Fighting
 + Level 6.0 Axes
 + Level 4.2 Armour
 + Level 3.0 Dodging


You had 5 spell levels left.
You didn't know any spells.
Your spell library was empty.

Dungeon Overview and Level Annotations

Branches:
Dungeon (4/15)
 Temple: D:4-7

Altars:
Fedhas
Ru
Uskayaw

Shops:
D:1 *   D:2 =*=[


Innate Abilities, Weirdness & Mutations

You have a pair of horns on your head.
You reflexively headbutt those who attack you in melee.


Message History

Your life force feels restored.
Your Armour skill increases to level 4!
A red film seems to cover your vision as you go berserk!
You feel yourself moving faster!
You feel mighty! The wight hits you but does no damage.
The wight hits you with a +3 battleaxe!
You feel drained.
* * * LOW HITPOINT WARNING * * *
The wight hits you from afar with a +3 spear.
* * * LOW HITPOINT WARNING * * *
You barely miss the wight. You slash the wight! You barely miss the wight.
The wight closely misses you.
The wight hits you with a +5 long sword!
* * * LOW HITPOINT WARNING * * *
You closely miss the wight. You barely miss the wight. You slash the wight!
You destroy the wight!
Trog accepts your kill. The wight closely misses you.
Your life force feels restored.
Your Fighting skill increases to level 5!
Your Axes skill increases to level 6!
Your Dodging skill increases to level 3!
You have reached level 6!
Your experience leads to an increase in your attributes!
Increase (S)trength, (I)ntelligence, or (D)exterity?
You feel stronger.
Unknown command.
You are too berserk!
The wight closely misses you.
You feel a strong urge to attack something.
There is an open door here.
You feel your anger nearly subside.
You are no longer berserk.
You are exhausted.
You feel yourself slow down.
You can't see any enemies this would affect, really read the scroll of fear?
Okay, then.
Okay, then.
Unknown command.
As you read the scroll of teleportation, it crumbles to dust.
You feel strangely unstable. The wight hits you with a +0 mace!
You die...

**,,,....(...#,,,*#...#**,,,,,,,,
**,,,,........,,,++...+,,,>,,,,,,
,,,,,,,......#,,,*#...#,,,,,*,***
,,,,****#....#,,,*#)).#,,,,,*,*
,,,,* #....#**###.).#,,,,,*,***
,,,,* #...)# #..)).#,,,,,,,,,,
,,,,*####..z.# #....<#,,,,,*,,,*
***,,........####...###..,,,*,,,*
,,,,,....>..z'zz@.........,,,*,,,
***,,........######$......,,,*,,*
,,,,,........# #..#...#**,*,,*
*****#########****#.......,,,,,,*
* ****,,**,....##.#,,,,,,, *
****,*,*,**,....+,..,,,,,,, *
****,*,,*,,,**,,...#*,,,,*****
****,*,,,*,,,*,*,,,,,,**,,,,*,,≈*
,,,,,,,*,,,*,,,,,*******,,,,*≈≈≈*


You could see 3 wights.

Vanquished Creatures
  The ghost of Pooter the Chopper, a weakling MiMo (D:3)
  2 wights (D:4)
  An orc priest (D:2)
  An orc wizard (D:4)
  2 adders
  A worm (D:2)
  A dart slug (D:1)
  6 orcs
  6 bats
  8 endoplasms
  3 giant cockroaches
  8 goblins
  2 hobgoblins
  4 jackals (D:1)
  2 kobolds (D:1)
  A quokka (D:1)
  6 ball pythons
  6 frilled lizards
  2 rats (D:1)
63 creatures vanquished.

Vanquished Creatures (others)
  16 fungi
  A plant (D:2)
17 creatures vanquished.

Grand Total: 80 creatures vanquished

Notes
Turn   | Place    | Note
-------+----------+-------------------------------------------
     0 | D:1      | ytrimaz the Minotaur Berserker began the quest for the Orb.
     0 | D:1      | Reached XP level 1. HP: 19/19 MP: 0/0
   382 | D:1      | Reached skill level 4 in Axes
   382 | D:1      | Reached XP level 2. HP: 24/27 MP: 1/1
   574 | D:1      | Found Dafekhli's Assorted Antiques.
   675 | D:1      | Reached XP level 3. HP: 33/33 MP: 2/2
   728 | D:1      | Reached ** piety under Trog
  1173 | D:2      | Found a faded altar of an unknown god.
  1277 | D:2      | Found Ehyrutap's General Store.
  1325 | D:2      | Reached XP level 4. HP: 23/41 MP: 3/3
  1493 | D:2      | Found Akatubom's Antique Armour Shoppe.
  1611 | D:2      | Found Hicec's Jewellery Emporium.
  1735 | D:2      | Found Oseguali's Jewellery Boutique.
  2068 | D:3      | Found a sacrificial altar of Ru.
  2076 | D:3      | Found a blossoming altar of Fedhas.
  2304 | D:3      | Noticed Pooter's ghost (weakling MiMo)
  2318 | D:3      | Reached skill level 5 in Axes
  2346 | D:3      | Found a runed translucent door.
  2361 | D:3      | Found a hide-covered altar of Uskayaw.
  2732 | D:3      | Killed Pooter's ghost
  2733 | D:3      | Reached XP level 5. HP: 15/47 MP: 4/4
  3018 | D:4      | HP: 3/67 [wight (14)]
  3020 | D:4      | Reached skill level 5 in Fighting
  3020 | D:4      | Reached skill level 6 in Axes
  3020 | D:4      | Reached XP level 6. HP: 4/56 MP: 5/5
  3025 | D:4      | Slain by a wight

Illustrated notes

Levels and vault maps discovered:
D:1:      dpeg_arrival_solitude, layout_loops_ring, serial_shops,
          nicolae_shop_waterfront
D:2:      layout_basic, serial_shops, shop, nicolae_shop_waterfront, shop,
          shop_fountains, dreamdust_ecumenical_altar_grove, minmay_tetromino_t2
D:3:      minmay_inner_zag, layout_basic,
          nicolae_uskayaw_murder_on_the_dancefloor,
          amethyst_overflow_temple_binary, hellmonk_ghost_happy_afterlife,
          hex_intersection, minmay_misc_feat_plants
D:4:      minmay_spotlight, layout_basic, nicolae_vehumet_altar_sigil,
          gup_sewer_entry_pipe, serial_aquarium, aquarium_bridge_straight
          [aquarium_subvault_bridge, aquarium_subvault_window,
          aquarium_subvault_bridge, aquarium_subvault_wall],
          aquarium_window_double, aquarium_window_1, aquarium_window_corridor_3,
          aquarium_window_double, aquarium_view_2c, aquarium_view_2c,
          aquarium_pool_2

Skill      XL: |  1  2  3  4  5 |
---------------+----------------+-----
Axes           | 4 5 6 |  6.0
Fighting       | 4 5 |  5.0
Armour         | 3 4 |  4.2
Dodging        | 3 |  3.0

Action                   |  1- 3 |  4- 6 || total
-------------------------+-------+-------++-------
Melee: War axe           |    78 |    53 ||   131
       Hand axe          |     6 |       ||     6
       Headbutt          |     9 |     7 ||    16
Invok: Berserk           |     1 |     2 ||     3
  Use: Scroll            |       |     7 ||     7
Armor: Animal skin       |     1 |       ||     1
       Scale mail        |    43 |    28 ||    71
Dodge: Dodged            |    62 |    38 ||   100

Table legend: (Time is in decaauts)
 A = Elapsed time spent in this place.
 B = Non-inter-level travel time spent in this place.
 C = Inter-level travel time spent in this place.
 D = Time resting spent in this place.
 E = Time spent auto-exploring this place.
 F = Levels seen in this place.
 G = Mean time per level.
                   A        B        C        D        E       F      G
               +--------+--------+--------+--------+--------+-----+--------+
         Total |   3076 |   3025 |     51 |    270 |   2253 |   4 |  769.0 |
       Dungeon |   3076 |   3025 |     51 |    270 |   2253 |   4 |  769.0 |
               +--------+--------+--------+--------+--------+-----+--------+

Top non-repeatable levels by time:
     D:3: 1154 daAuts
     D:1: 1003 daAuts
     D:2: 842 daAuts
     D:4: 75 daAuts
